 Seeded DCSS version 0.29-a0-1023-g6ae1a4a2c7 (webtiles) character file.

Game seed: 6155037152212704371 (custom seed)

25 mathmaestro the Grave Robber (level 2, 0/21 HPs)
             Began as a Demonspawn Necromancer on Aug 11, 2022.
             Slain by Sigmund
             ... wielding a +0 scythe
              (5 damage)
             ... on level 3 of the Dungeon.
             The game lasted 00:02:32 (1691 turns).

mathmaestro the Grave Robber (DsNe)                 Turns: 1691, Time: 00:02:33

Health: 0/21       AC:  3    Str:  8    XL:     2   Next: 86%
Magic:  5/5        EV: 11    Int: 16    God:
Gold:   86         SH:  0    Dex: 13    Spells: 4/5 levels left

rFire   . . .      SeeInvis .   j - +0 dagger (venom)
rCold   . . .      Faith    .   g - +0 buckler
rNeg    . . .      Spirit   .   a - +0 robe
rPois   .          Reflect  .   (no helmet)
rElec   .          Harm     .   d - +0 cloak
rCorr   .          Rampage  .   (no gloves)
Will    .....                   (no boots)
Stlth   +.........              (no amulet)
HPRegen 0.07/turn               (no ring)
MPRegen 0.18/turn               (no ring)

@: confused, hasted, very quick
A: magic regeneration
a: no special abilities


You were on level 3 of the Dungeon.
You visited 1 branch of the dungeon, and saw 3 of its levels.

You collected 86 gold pieces.

Inventory:

Hand Weapons
 i - a +0 hand axe
 j - a +0 dagger of venom (weapon)
 s - a +0 dagger of distortion
Armour
 a - a +0 robe (worn)
 d - a +0 cloak (worn)
 g - a +0 buckler (worn)
Scrolls
 c - a scroll of teleportation {unknown}
 e - a scroll of vulnerability {unknown}
 k - a scroll of poison {unknown}
 l - a scroll of fear {unknown}
 m - 2 scrolls of magic mapping {unknown}
 n - a scroll of identify {unknown}
 p - a scroll of amnesia {unknown}
 q - 2 scrolls of silence {unknown}
Potions
 b - a potion of magic
 f - a potion of attraction {unknown}
 h - a potion of degeneration {unknown}
 o - a potion of haste
 r - a potion of brilliance {unknown}
 t - a potion of curing {unknown}


   Skills:
 + Level 1.0 Fighting
 - Level 2.0 Dodging
 - Level 2.0 Stealth
 + Level 0.6 Shields
 + Level 2.2 Spellcasting
 + Level 4.6 Necromancy


You had 4 spell levels left.
You knew the following spells:

 Your Spells              Type           Power      Damage    Failure   Level
a - Necrotise             Necr           64%        1d7       4%          1

Your spell library contained the following spells:

 Spells                   Type           Power      Damage    Failure   Level
 Vampiric Draining        Necr           16%        2d7       12%         3
 Magic Dart               Conj           4%         1d3       28%         1
 Summon Small Mammal      Summ           4%         N/A       28%         1
 Call Imp                 Summ           1%         N/A       38%         2
 Animate Dead             Necr           16%        N/A       38%         4
 Call Canine Familiar     Summ           1%         N/A       63%         3
 Mephitic Cloud           Conj/Pois/Air  1%         N/A       63%         3
 Summon Guardian Golem    Hex/Summ       1%         N/A       63%         3
 Agony                    Necr           16%        N/A       75%         5


Dungeon Overview and Level Annotations

Branches:
Dungeon (3/15)

Altars:

Annotations:
D:3 Sigmund


Innate Abilities, Weirdness & Mutations

You regenerate magic rapidly.


Message History

Sigmund casts a spell at you.
You are confused.
Your ball python skeleton bites Sigmund but does no damage.
Your ball python skeleton grabs Sigmund.
Your ball python skeleton constricts Sigmund.
Unknown command.
Your rat skeleton bites Sigmund but does no damage.
Sigmund hits you but does no damage.
Your ball python skeleton bites Sigmund.
Your ball python skeleton constricts Sigmund.
Unknown command.
Your rat skeleton bites Sigmund but does no damage.
Your ball python skeleton bites Sigmund.
Your ball python skeleton constricts Sigmund.
Unknown command.
Sigmund hits you with a +0 scythe!
Your rat skeleton barely misses Sigmund.
Your ball python skeleton bites Sigmund.
Your ball python skeleton constricts Sigmund.
Unknown command.
Sigmund hits you with a +0 scythe.
* * * LOW HITPOINT WARNING * * *
Your ball python skeleton bites Sigmund.
Your ball python skeleton constricts Sigmund.
Unknown command.
It was a potion of haste.
You feel yourself speed up.
You feel less confused.
Your rat skeleton bites Sigmund.
Your ball python skeleton bites Sigmund.
Your ball python skeleton constricts Sigmund.
You hit Sigmund.
Sigmund is poisoned.
Sigmund is moderately wounded.
Sigmund casts a spell at you.
You are confused.
Your rat skeleton bites Sigmund.
Unknown command.
Your ball python skeleton bites Sigmund but does no damage.
Your ball python skeleton constricts Sigmund.
Sigmund hits you with a +0 scythe.
You die...

. . #..# #.#.#.## # .
#..# #.#.#)...# . #..#
#.#.#.##.#
#+######..####.#......#.
........................
....:...........Z.....#
..<.............Z@.#
................@..#
...................#
...................#
...................#
.....................
...................###
.....................
...................#.
...............


You could see Sigmund (very poisoned, ally target), a friendly ball python
skeleton and a friendly rat skeleton.

Vanquished Creatures
  2 ball pythons
  A bat (D:2)
  2 endoplasms (D:1)
  A giant cockroach (D:1)
  3 hobgoblins
  3 quokkas
  3 goblins
  5 kobolds
  2 rats
22 creatures vanquished.

Notes
Turn   | Place    | Note
-------+----------+-------------------------------------------
     0 | D:1      | mathmaestro the Demonspawn Necromancer began the quest for
                  | the Orb.
     0 | D:1      | Reached XP level 1. HP: 13/13 MP: 3/3
   477 | D:1      | Gained mutation: You regenerate magic rapidly. [demonic
                  | ancestry]
   477 | D:1      | Reached XP level 2. HP: 20/20 MP: 5/5
  1472 | D:3      | Reached skill level 1 in Fighting
  1676 | D:3      | Noticed Sigmund
  1691 | D:3      | Slain by Sigmund

Illustrated notes

Levels and vault maps discovered:
D:1:      amcnicky_arrival_underground_garden, layout_loops_ring
D:2:      layout_loops_cross
D:3:      minmay_spotlight, layout_basic,
          shapermc_ecumenical_altar_starsandcircs, serial_shops, shop,
          uniq_sigmund

Skill      XL: |  1  2 |
---------------+-------+-----
Dodging        | 2 |  2.0
Stealth        | 2 |  2.0
Fighting       | 1 |  1.0
Shields        | |  0.6
Spellcasting   | |  2.2
Necromancy     | |  4.6

Action                   || total
-------------------------++-------
Melee: Dagger            ||    23
 Cast: Necrotise         ||    27
  Use: Potion            ||     1
Armor: Robe              ||     6
Dodge: Dodged            ||    10
Block: Buckler           ||     6

Table legend: (Time is in decaauts)
 A = Elapsed time spent in this place.
 B = Non-inter-level travel time spent in this place.
 C = Inter-level travel time spent in this place.
 D = Time resting spent in this place.
 E = Time spent auto-exploring this place.
 F = Levels seen in this place.
 G = Mean time per level.
                   A        B        C        D        E       F      G
               +--------+--------+--------+--------+--------+-----+--------+
         Total |   1689 |   1626 |     63 |    141 |   1238 |   3 |  563.0 |
       Dungeon |   1689 |   1626 |     63 |    141 |   1238 |   3 |  563.0 |
               +--------+--------+--------+--------+--------+-----+--------+

Top non-repeatable levels by time:
     D:2: 751 daAuts
     D:1: 694 daAuts
     D:3: 243 daAuts
